 Dungeon Crawl Stone Soup version 0.23-a0-386-g9c9d49f (webtiles) character file.

2 Cryolive the Digger (level 1, -1/10 HPs)
             Began as a Gargoyle Earth Elementalist on Oct 28, 2018.
             Killed from afar by a dart slug (5 damage)
             ... with a slug dart
             ... on level 1 of the Dungeon.
             The game lasted 00:00:23 (66 turns).

Cryolive the Digger (Gargoyle Earth Elementalist)     Turns: 66, Time: 00:00:25

Health: -1/10      AC:  4    Str: 11    XL:     1   Next: 30%
Magic:  3/3        EV: 12    Int: 15    God:
Gold:   8          SH:  0    Dex: 10    Spells: 3/4 levels left

rFire    . . .     SeeInvis .   e - +0 club
rCold    . . .     Gourm    .   (no shield)
rNeg     + . .     Faith    .   c - +0 robe
rPois    ∞         Spirit   .   (no helmet)
rElec    +         Reflect  .   (no cloak)
rCorr    .         Harm     .   (no gloves)
MR       .....                  (no boots)
Stlth    ++........             (no amulet)
HPRegen  0.03/turn              (no ring)
MPRegen  0.08/turn              (no ring)

@: no status effects
A: negative energy resistance 1, electricity resistance, unbreathing,
petrification resistance, rot immunity, AC +2
a: no special abilities


You were on level 1 of the Dungeon.
You were not hungry.

You visited 1 branch of the dungeon, and saw 1 of its levels.

You collected 8 gold pieces.

Inventory:

Hand Weapons
 e - a +0 club (weapon)
Missiles
 b - 30 stones (quivered)
Armour
 c - a +0 robe (worn)
Potions
 a - a potion of degeneration {unknown}
Comestibles
 d - a ration
 f - a chunk of flesh


   Skills:
 - Level 1.5 Dodging
 - Level 2.1 Stealth
 + Level 2.0 Spellcasting
   Level 0.7 Transmutations
 + Level 3.7 Earth Magic


You had 3 spell levels left.
You knew the following spells:

 Your Spells              Type           Power        Failure   Level  Hunger
a - Sandblast             Erth           ##....       4%          1    #......

Your spell library contained the following spells:

 Spells                   Type           Power        Failure   Level  Hunger
 Passwall                 Tmut/Erth      #.......     13%         2    ###....
 Stone Arrow              Conj/Erth      #.....       30%         3    ###....
 Petrify                  Tmut/Erth      #.......     65%         4    #####..
 Lee's Rapid Deconstruct  Erth           ##........   78%         5    ######.


Dungeon Overview and Level Annotations

Branches:
Dungeon (1/15)

Altars:


Innate Abilities, Weirdness & Mutations

You are resistant to torment.
Your stone body is resilient. (AC +2)
You are immune to poison.
You resist negative energy. (rN+)
You are resistant to electric shocks. (rElec)
You can survive without breathing.
You are immune to petrification.
You are immune to rotting.


Message History

A kobold comes into view. It is wielding a +0 short sword.
A kobold is nearby!
A hobgoblin and a dart slug come into view.
The hobgoblin shouts!
The kobold closely misses you. The hobgoblin closely misses you.
You hit the kobold.
The kobold is severely wounded.
The kobold hits you but does no damage. The hobgoblin misses you.
The kobold misses you.
You barely miss the kobold.
The kobold is severely wounded.
The hobgoblin hits you but does no damage.
The kobold closely misses you. The hobgoblin hits you with a +0 club.
You barely miss the kobold.
The kobold is severely wounded.
The kobold hits you with a +0 short sword.
The dart slug launches a dart at you. The slug dart hits you!
Ouch! That really hurt!
You die...

... ... ###.. #...#
##+## #...###### ....#
#........# ....#
#.gK.....# ....###
#..@.....#
##....##########......#.
##......†....# #........
##...........###......#.
+.......................
###.......##########.w..
..#.......# ....
..#.......# ...
.>#.......# ..


You could see a dart slug, a hobgoblin and a kobold.

Vanquished Creatures
  A hobgoblin (D:1)
  A rat (D:1)
2 creatures vanquished.

Notes
Turn   | Place    | Note
-------+----------+-------------------------------------------
     0 | D:1      | Cryolive the Gargoyle Earth Elementalist began the quest
                  | for the Orb.
     0 | D:1      | Reached XP level 1. HP: 10/10 MP: 3/3
    66 | D:1      | Killed from afar by a dart slug

Vault maps used:
D:1:      dpeg_arrival_tiny_a

Action                   || total
-------------------------++-------
Melee: Unarmed           ||     8
       Club              ||     4
Armor: Robe              ||     5
Dodge: Dodged            ||     9

Table legend:
 A = Non-vault XP
 B = Vault XP
 C = Vault XP percentage of total XP
 D = Non-vault monster count
 E = Vault monster count
 F = Vault count percentage of total count
                 A         B        C        D         E       F
            +---------+---------+-------+---------+---------+-------
      Total |       3 |       0 |   0.0 |       2 |       0 |   0.0
            +---------+---------+-------+---------+---------+-------
        D:1 |       3 |       0 |   0.0 |       2 |       0 |   0.0
            +---------+---------+-------+---------+---------+-------
